 Dungeon Crawl Stone Soup version 0.28-a0-21-gf74fda84f9 (webtiles) character file.

Game seed: 16261138939459186060

65 packetloss the Caller (level 4, -6/33 HPs)
             Began as a Merfolk Summoner on July 26, 2021.
             Mangled by Natasha (8 damage)
             ... on level 2 of the Dungeon.
             The game lasted 00:08:33 (2206 turns).

packetloss the Caller (Merfolk Summoner)            Turns: 2206, Time: 00:08:33

Health: -6/33      AC:  2    Str:  8    XL:     4   Next: 13%
Magic:  2/7        EV: 13    Int: 14    God:
Gold:   81         SH:  0    Dex: 15    Spells: 0/7 levels left

rFire   . . .      SeeInvis .   h - +0 halberd
rCold   . . .      Faith    .   (shield currently unavailable)
rNeg    . . .      Spirit   .   a - +0 robe
rPois   .          Reflect  .   (no helmet)
rElec   .          Harm     .   (no cloak)
rCorr   .          Rampage  .   (no gloves)
Will    .....                   (no boots)
Stlth   ++........              (no amulet)
HPRegen 0.11/turn               (no ring)
MPRegen 0.10/turn               (no ring)

@: very slightly contaminated
A: (nimble swimmer 2), mertail
a: no special abilities


You were on level 2 of the Dungeon.
You visited 1 branch of the dungeon, and saw 2 of its levels.

You collected 81 gold pieces.

Inventory:

Hand Weapons
 c - a +0 short sword
 h - a +0 halberd (weapon)
Armour
 a - a +0 robe (worn)
Magical Staves
 b - a staff of air
Potions
 d - a potion of flight {unknown}
 e - a potion of invisibility {unknown}
 f - a potion of heal wounds {unknown}
 g - a potion of attraction {unknown}
 i - a potion of curing {unknown}


   Skills:
 - Level 2.1 Fighting
 + Level 1.7 Polearms
 - Level 2.7 Dodging
 - Level 2.2 Stealth
 - Level 2.0 Spellcasting
 - Level 4.8 Summonings


You couldn't memorise any spells.
You knew the following spells:

 Your Spells              Type           Power      Damage    Failure   Level
a - Summon Small Mammal   Summ           56%        N/A       3%          1
b - Call Imp              Summ           14%        N/A       4%          2
c - Summon Lightning Spi  Summ/Air       8%         N/A       65%         4

Your spell library contained the following spells:

 Spells                   Type           Power      Damage    Failure   Level
 Call Canine Familiar     Summ           14%        N/A       10%         3
 Summon Guardian Golem    Hex/Summ       8%         N/A       26%         3
 Portal Projectile        Hex/Tloc       2%         N/A       56%         3
 Leda's Liquefaction      Hex/Erth       0%         N/A       93%         4


Dungeon Overview and Level Annotations

Branches:
Dungeon (2/15)

Altars:

Annotations:
D:2 Natasha


Innate Abilities, Weirdness & Mutations

((You are quick and stealthy near water. (Stealth+, EV+, Speed+++)))
Your lower body shifts to a powerful aquatic tail in water.


Message History

You now have 6/7 mp.
Unknown command.
Spoiler Alert: Natasha (ally target) can cast Slow, Mephitic Cloud, Call Imp, and go Invisible!
Natasha stares at you and mumbles some strange words.
You resist with some effort.
Spoiler Alert: Natasha (ally target) can cast Slow, Mephitic Cloud, Call Imp, and go Invisible!
Unknown command.
Spoiler Alert: Natasha (ally target) can cast Slow, Mephitic Cloud, Call Imp, and go Invisible!
Spoiler Alert: Natasha (ally target) can cast Slow, Mephitic Cloud, Call Imp, and go Invisible!
Unknown command.
Spoiler Alert: Natasha (ally target) can cast Slow, Mephitic Cloud, Call Imp, and go Invisible!
Casting: Summon Small Mammal (safe; 3% risk of failure)
Confirm with . or Enter, or press ? or * to list all spells.
Natasha stares at you and mumbles some strange words.
The magic dart hits your rat!
Your rat dies!
Your rat's corpse disappears in a puff of smoke!
Spoiler Alert: Natasha (ally target) can cast Slow, Mephitic Cloud, Call Imp, and go Invisible!
You now have 5/7 mp.
Casting: Summon Small Mammal (safe; 3% risk of failure)
Confirm with . or Enter, or press ? or * to list all spells.
You miscast Summon Small Mammal.
You are very lightly contaminated with residual magic.
Nothing appears to happen.
Your rat bites Natasha.
Spoiler Alert: Natasha (ally target) can cast Slow, Mephitic Cloud, Call Imp, and go Invisible!
You now have 4/7 mp.
Casting: Summon Small Mammal (safe; 3% risk of failure)
Confirm with . or Enter, or press ? or * to list all spells.
A beastly little devil appears in a puff of flame.
Natasha closely misses you.
Your rat barely misses Natasha.
Spoiler Alert: Natasha (ally target) can cast Slow, Mephitic Cloud, Call Imp, and go Invisible!
You now have 2/7 mp.
Unknown command.
Spoiler Alert: Natasha (ally target) can cast Slow, Mephitic Cloud, Call Imp, and go Invisible!
You hit Natasha but do no damage.
Natasha is moderately wounded.
Natasha claws you!
* * * LOW HITPOINT WARNING * * *
Your rat bites Natasha.
Natasha claws you!
You die...

#.#
#........#
#.#
########.#
#.# #.## #.#
#####..# #.#
#......# #.#
#.≈≈≈..# #.#
#.≈[≈.## #.#
#.5≈≈.# ..#
#.@.r.# ###
########h#.#
......h....#
############


You could see Natasha (ally target), a friendly crimson imp (summoned) and a
friendly rat (summoned).

Vanquished Creatures
  A worm (D:2)
  A dart slug (D:1)
  7 bats
  2 goblins
  9 hobgoblins
  3 ball pythons
  3 frilled lizards (D:1)
  2 kobolds
  3 rats (D:1)
31 creatures vanquished.

Vanquished Creatures (collateral kills)
  3 gnolls (D:2)
  A dart slug (D:2)
  2 endoplasms (D:1)
  A giant cockroach (D:1)
  2 hobgoblins
  A ball python (D:1)
  A bat (D:1)
  A goblin (D:1)
  3 rats
15 creatures vanquished.

Grand Total: 46 creatures vanquished

Notes
Turn   | Place    | Note
-------+----------+-------------------------------------------
     0 | D:1      | packetloss the Merfolk Summoner began the quest for the
                  | Orb.
     0 | D:1      | Reached XP level 1. HP: 13/13 MP: 3/3
   373 | D:1      | Reached XP level 2. HP: 20/20 MP: 5/5
   568 | D:1      | Learned a level 2 spell: Call Imp
   624 | D:1      | Reached skill level 1 in Fighting
   875 | D:1      | Reached XP level 3. HP: 26/26 MP: 1/6
   951 | D:1      | Found a faded altar of an unknown god.
  1571 | D:2      | Reached skill level 2 in Fighting
  2047 | D:2      | Reached skill level 1 in Polearms
  2047 | D:2      | Reached XP level 4. HP: 31/33 MP: 7/7
  2054 | D:2      | Learned a level 4 spell: Summon Lightning Spire
  2196 | D:2      | Noticed Natasha
  2206 | D:2      | HP: 2/33 [Natasha (8)]
  2206 | D:2      | Mangled by Natasha

Illustrated notes

Levels and vault maps discovered:
D:1:      wander_arrival_desolate, layout_basic,
          shapermc_ecumenical_altar_notcrosses
D:2:      layout_basic, corexii_item_surrounded_by_moat, uniq_natasha

Skill      XL: |  1  2  3 |
---------------+----------+-----
Fighting       | 1 2 |  2.1
Polearms       | 1 |  1.7
Dodging        | |  2.7
Stealth        | |  2.2
Spellcasting   | |  2.0
Summonings     | |  4.8

Action                   |  1- 3 |  4- 6 || total
-------------------------+-------+-------++-------
Melee: Short sword       |    98 |       ||    98
       Halberd           |    11 |    10 ||    21
 Cast: Summon Small Mamm |    11 |     2 ||    13
       Call Imp          |    11 |     1 ||    12
 Stab: Sleeping          |     4 |     2 ||     6
Armor: Robe              |    29 |       ||    29
Dodge: Dodged            |    75 |     1 ||    76

Table legend: (Time is in decaauts)
 A = Elapsed time spent in this place.
 B = Non-inter-level travel time spent in this place.
 C = Inter-level travel time spent in this place.
 D = Time resting spent in this place.
 E = Time spent auto-exploring this place.
 F = Levels seen in this place.
 G = Mean time per level.
                   A        B        C        D        E       F      G
               +--------+--------+--------+--------+--------+-----+--------+
         Total |   2228 |   2030 |    198 |    404 |    554 |   2 | 1114.0 |
       Dungeon |   2228 |   2030 |    198 |    404 |    554 |   2 | 1114.0 |
               +--------+--------+--------+--------+--------+-----+--------+

Top non-repeatable levels by time:
     D:1: 1434 daAuts
     D:2: 793 daAuts
